AoeStats
← The Red Knight

Arena

504907423Analyzed
1v1 RM · 25d ago on Sep 7, 2026· 36m 31s· 2 players
Game mode
Random Map
Map size
Tiny (2 player)
Population
200
Speed
Normal
Resources
Standard
Victory
Conquest
Starting age
Dark Age
Ending age
Imperial Age
RankedLock teamsTeams togetherTeam positionsShared explorationLock speedFull tech treeHidden civsTurbo modeCheats
Victory
Defeat
🇺🇸 Persians · United States
1147
+17
🇧🇷 Portuguese · Brazil
1165
-17
The Red Knight
10:39 Feudal Age
14:41 Castle Age
13:05 Double-Bit Axe
13:04 Horse Collar
19:59 Loom
21:36 Town Watch
22:31 Wheelbarrow
23:55 Bow Saw
23:51 Heavy Plow
24:38 Hand Cart
26:14 Scale Barding Armor
26:13 Husbandry
26:24 Bloodlines
26:16 Gold Mining
26:21 Stone Mining
27:28 Chain Barding Armor
29:39 Imperial Age
28:20 Forging
29:03 Stone Shaft Mining
29:05 Gold Shaft Mining
30:12 Iron Casting
29:26 Cavalier
31:22 Chemistry
31:41 Plate Barding Armor
31:37 Savar
33:13 Conscription
33:56 Blast Furnace
36:03 Fletching
36:54 Bodkin Arrow
PNLN | TL
10:46 Feudal Age
15:26 Castle Age
13:32 Double-Bit Axe
14:13 Horse Collar
14:34 Loom
17:23 Fervor
17:39 Bow Saw
21:02 Wheelbarrow
20:31 Heavy Plow
28:32 Imperial Age
26:07 Gold Mining
27:03 Ballistics
26:57 Masonry
28:49 Hand Cart
29:44 Conscription
30:29 Chemistry
29:27 Murder Holes
29:48 Stone Mining
32:09 Pikeman
32:44 Halberdier
33:36 Forging
33:27 Scale Mail Armor
Connection lost

Rejoining the realm…

Still unreachable

The connection could not be restored.

Session expired

The server has moved on; the page needs a fresh start.